Map: Inferno Pools (Void)

Players

TGentG - Winner!

  • Race: Terran Terran
  • League: Grandmaster

Javert

  • Race: Zerg Zerg
  • League: Grandmaster

VOD

Have the link to the VOD?

Description

Time

  • Played on: June 23, 2015, 2:44 p.m.
  • Length: 14:48
Show
View Real Time Build Order
Export as new Build Order

TGentG Terran - Winner!

Build Orders: Command Center First (CC), MMM Bio 

Get SALT Encoding   

  12  0:01  SCV  
  13  0:13  SCV  
  14  0:18  Supply Depot  
  14  0:25  SCV  
  15  0:39  SCV  
  16  0:51  SCV  
  17  1:00  Command Center  
  17  1:03  SCV  
  18  1:13  Barracks  
  18  1:17  SCV  
  19  1:22  Refinery  
  19  1:29  SCV  
  20  1:41  SCV  
  21  1:53  SCV  
  22  2:05  Orbital Command  
  22  2:06  Reaper  
  23  2:15  Bunker  
  23  2:17  Orbital Command  
  23  2:32  SCV  
  24  2:38  Reaper  
  24  2:40  Command Center  
  25  2:45  SCV x2  
  25  2:47  Supply Depot  
  27  2:59  SCV  
  28  3:08  SCV  
  29  3:14  SCV  
  30  3:26  SCV x2  
  32  3:31  Refinery  
  33  3:34  Barracks  
  33  3:36  Barracks x2  
  33  3:38  SCV  
  33  3:39  Supply Depot, SCV  
  33  3:40  Supply Depot  
  35  3:41  Supply Depot  
  35  3:42  Supply Depot  
  34  3:50  SCV, Barracks Tech Lab  
  34  3:51  SCV  
  34  3:55  Orbital Command  
  36  4:11  SCV  
  36  4:15  Marine  
  36  4:16  Stimpack  
  37  4:21  Factory  
  37  4:22  SCV x2  
  37  4:24  SCV  
  40  4:25  Marine  
  40  4:26  Marine x2  
  43  4:33  Marine  
  43  4:34  SCV x2  
  46  4:41  Refinery  
  46  4:42  Refinery  
  46  4:43  Marine x2  
  46  4:44  Marine  
  49  4:49  SCV x2  
  49  4:50  SCV  
  49  4:51  Marine  
  53  4:59  Engineering Bay  
  53  5:01  Supply Depot, Engineering Bay, SCV  
  53  5:02  SCV  
  53  5:04  Barracks Reactor  
  53  5:05  Barracks Reactor x2  
  53  5:07  Factory Reactor  
  55  5:08  SCV, Starport  
  55  5:13  SCV, Marauder  
  55  5:14  SCV  
  60  5:19  Barracks  
  60  5:20  Barracks  
  60  5:22  SCV  
  60  5:26  SCV  
  60  5:27  SCV  
  63  5:34  SCV  
  64  5:38  SCV  
  64  5:39  SCV  
  66  5:52  Marine x5  
  66  5:53  Marauder, Marine  
  66  5:54  SCV x2  
  76  5:59  Terran Infantry Weapons Level 1  
  76  6:00  Terran Infantry Armor Level 1  
  76  6:01  SCV  
  76  6:03  Factory Tech Lab  
  77  6:04  Supply Depot, Medivac x2  
  77  6:06  SCV  
  77  6:07  Supply Depot  
  77  6:08  Barracks Reactor, Barracks Tech Lab  
  77  6:10  Missile Turret  
  82  6:13  Missile Turret, Marine x3  
  82  6:14  Marine x2  
  82  6:16  Combat Shields, SCV  
  88  6:28  Orbital Command  
  88  6:31  SCV x2  
  90  6:37  Siege Tank, Medivac x2  
  97  6:53  SCV x3  
  100  6:59  Marine x5  
  100  7:00  Marauder x2, Marine x2  
  111  7:05  SCV x2  
  111  7:10  Siege Tank  
  111  7:11  Medivac  
  111  7:12  SCV  
  117  7:23  Supply Depot, SCV  
  117  7:24  Supply Depot, Bunker  
  117  7:25  Supply Depot x2  
  117  7:38  SCV, Medivac, Marine x5  
  117  7:43  Supply Depot  
  125  7:44  Supply Depot, Marine x3  
  125  7:45  SCV, Siege Tank, Missile Turret, Marauder x2  
  125  7:46  Medivac  
  138  7:52  Armory  
  138  7:56  Marine x2  
  139  8:08  Medivac  
  136  8:17  Marine x5  
  136  8:18  Marine x5  
  136  8:19  Siege Tank, Medivac  
  139  8:33  Barracks  
  139  8:34  Barracks  
  139  8:35  Missile Turret, Marine x2  
  139  8:36  Barracks x2  
  139  8:38  Medivac  
  139  8:39  Barracks, Marine x7  
  139  8:40  Marine  
  151  8:41  Missile Turret  
  151  8:46  Terran Infantry Weapons Level 2  
  151  8:47  Terran Infantry Armor Level 2  
  151  8:50  Refinery  
  151  8:51  Refinery  
  151  8:52  Marine  
  151  8:53  Marine  
  131  8:56  Marine  
  131  8:57  Marine  
  130  9:03  Marine  
  130  9:04  Marine x4  
  130  9:05  Siege Tank  
  138  9:13  Starport  
  138  9:14  Command Center  
  138  9:15  Starport Tech Lab  
  138  9:19  Marine x2  
  138  9:20  Missile Turret, Marine x4  
  144  9:36  Marine x5  
  144  9:38  Barracks Tech Lab x2  
  149  9:41  Barracks Reactor  
  149  9:42  Barracks Reactor  
  142  10:07  Marine x6  
  142  10:08  Marine x2  
  142  10:09  Thor  
  142  10:13  Raven  
  145  10:14  Medivac x2  
  149  10:24  Marine x5  
  149  10:25  Marauder, Marine  
  149  10:26  Marauder x3  
  163  10:29  Supply Depot  
  163  10:30  Supply Depot  
  161  10:47  Marauder x2  
  155  11:03  Marine x4  
  155  11:04  Marine x8  
  146  11:05  Marauder  
  155  11:53  Missile Turret  
  155  11:54  Missile Turret  
  155  11:55  Missile Turret x2  
  155  11:56  Missile Turret  
  155  11:58  Missile Turret  
  155  12:00  Missile Turret  
  155  12:05  Marine x8  
  155  12:06  Marine x7  
  155  12:07  Marine x2  
  170  12:09  Siege Tank  
  170  12:15  Planetary Fortress, Factory  
  173  12:16  Factory  
  171  12:49  Marine x4  
  171  12:50  Marine x3  
  147  12:59  Marine x5  
  147  13:00  Siege Tank, Marine  
  147  13:02  Factory Tech Lab x2  
  152  13:23  Marine x4  
  152  13:24  Marine x13  
  152  13:25  Thor x2  
  172  13:41  Marine x4  
  172  13:42  Thor, Marine  
  182  13:51  Marine x3  
  182  13:52  Marine x4  
  189  14:08  Medivac x2  
  193  14:22  Marine x4  
  193  14:23  Marine x3  
  200  14:30  Command Center  
  199  14:31  Command Center  
  199  14:33  Command Center  
Show
View Real Time Build Order
Export as new Build Order

Javert Zerg 

Build Orders: Hatch First, Muta Ling Bane 

Get SALT Encoding   

  12  0:02  Drone  
  13  0:15  Overlord  
  13  0:19  Drone  
  14  0:33  Drone  
  14  0:34  Drone  
  16  0:50  Hatchery  
  16  0:55  Drone  
  16  0:58  Extractor  
  16  1:00  Drone  
  16  1:02  Drone  
  17  1:12  Drone  
  18  1:22  Spawning Pool  
  18  1:24  Drone  
  18  1:31  Drone  
  19  1:42  Overlord  
  19  1:54  Drone  
  20  2:05  Drone x2  
  22  2:09  Metabolic Boost  
  22  2:11  Queen  
  22  2:14  Queen  
  26  2:18  Zergling x2  
  26  2:20  Zergling x2  
  28  2:28  Zergling x4  
  30  2:35  Drone  
  31  2:45  Drone  
  32  3:02  Drone  
  32  3:03  Drone x3  
  35  3:17  Zergling x2  
  33  3:28  Zergling x2  
  33  3:29  Zergling x4  
  33  3:31  Overlord  
  33  3:32  Overlord  
  36  3:49  Hatchery  
  36  3:54  Burrow  
  35  3:57  Baneling Nest  
  35  3:58  Drone  
  35  3:59  Drone x9  
  43  4:10  Drone x4  
  47  4:17  Extractor  
  47  4:18  Drone  
  47  4:25  Extractor  
  47  4:29  Extractor  
  45  4:39  Zergling x12  
  51  4:48  Overlord x2  
  51  5:01  Baneling x7  
  51  5:05  Queen  
  53  5:14  Drone x5  
  53  5:15  Drone x6  
  53  5:16  Lair  
  64  5:30  Drone x2  
  64  5:31  Drone x7  
  71  6:05  Drone x3  
  71  6:06  Overlord x2  
  74  6:15  Overlord  
  74  6:18  Spire  
  73  6:21  Drone  
  73  6:22  Overlord  
  74  6:36  Drone x8, Spine Crawler  
  74  6:37  Drone x8  
  89  6:45  Overlord  
  89  6:47  Centrifical Hooks  
  89  6:51  Evolution Chamber x2  
  85  7:05  Drone  
  85  7:06  Drone x11  
  93  7:12  Extractor  
  93  7:13  Overlord x2  
  93  7:14  Extractor  
  91  7:16  Overlord  
  91  7:18  Hatchery  
  91  7:21  Zerg Ground Armor Level 1, Zerg Melee Weapons Level 1  
  90  7:29  Spore Crawler  
  89  7:32  Mutalisk x4  
  89  7:34  Mutalisk x2  
  101  7:44  Spine Crawler, Zergling x4  
  101  7:45  Spore Crawler, Zergling x10  
  101  7:46  Spine Crawler  
  105  7:52  Spine Crawler  
  105  7:54  Zergling x16  
  112  8:03  Queen  
  97  8:21  Mutalisk x9  
  115  8:28  Drone x3  
  118  8:39  Zergling x8  
  122  8:42  Pneumatized Carapace  
  122  8:44  Overseer x2  
  122  8:48  Hatchery  
  112  9:00  Zergling x16  
  116  9:05  Baneling  
  116  9:06  Zergling x2, Baneling x7  
  116  9:07  Zergling x10  
  116  9:09  Overlord  
  122  9:10  Overlord  
  122  9:23  Zergling x2  
  122  9:24  Zergling x6  
  126  9:33  Zergling x4  
  126  9:34  Zergling x4  
  130  9:44  Mutalisk x7  
  144  10:02  Zerg Flyer Weapons Level 1  
  142  10:10  Zergling x18  
  150  10:20  Overlord x2  
  150  10:26  Infestation Pit  
  149  10:29  Zerg Ground Armor Level 2, Zerg Melee Weapons Level 2  
  149  10:37  Baneling x5  
  149  10:38  Baneling x3  
  112  11:08  Zergling x18  
  112  11:09  Zergling x24  
  133  11:13  Queen  
  133  11:16  Hive  
  135  11:22  Drone x7  
  142  11:29  Extractor  
  142  11:31  Baneling, Extractor  
  142  11:32  Baneling x17  
  140  11:35  Zergling x2  
  140  11:36  Zergling x10  
  144  11:57  Zerg Flyer Armor Level 1  
  140  12:10  Mutalisk x10  
  129  12:53  Zergling x18  
  129  12:54  Zergling x12  
  140  13:02  Extractor  
  140  13:03  Ultralisk Cavern, Extractor  
  137  13:07  Zergling x8  
  137  13:08  Zergling x2  
  127  13:26  Zergling x14  
  125  13:46  Zergling x4  
  125  13:47  Zergling x4  
  122  13:54  Ultralisk x6  
  150  14:00  Overlord x3  
  142  14:17  Overlord  
  142  14:21  Baneling  
  142  14:22  Baneling x7  
Tags
 
Add a new tag
Caveats
  • Supply blocks, unpowered buildings, or Contaminate may cause inaccurate times.
  • Supply counts are checked every 10 seconds.